 Dungeon Crawl Stone Soup version 0.28-a0-631-g0446da8ef9 (webtiles) character file.

Game seed: 1087942318468493347

149 sizableburger the Bolt Thrower (level 5, -1/41 HPs)
             Began as a Demonspawn Hunter on Oct 10, 2021.
             Was an Initiate of Dithmenos.
             Slain by an iguana (8 damage)
             ... on level 4 of the Dungeon.
             The game lasted 00:07:35 (4168 turns).

sizableburger the Bolt Thrower (Demonspawn Hunter)  Turns: 4168, Time: 00:07:36

Health: -1/41      AC:  3    Str: 13    XL:     5   Next: 9%
Magic:  5/5        EV: 16    Int: 12    God:    Dithmenos [......]
Gold:   189        SH:  0    Dex: 14    Spells: 5/5 levels left

rFire   . . .      SeeInvis .   b - +0 short sword
rCold   . . .      Faith    .   (no shield)
rNeg    . . .      Spirit   .   c - +0 leather armour
rPois   .          Reflect  .   (helmet restricted)
rElec   .          Harm     .   (no cloak)
rCorr   .          Rampage  .   (no gloves)
Will    .....                   (no boots)
Stlth   +.........              (no amulet)
HPRegen 0.13/turn               m - +4 ring of evasion
MPRegen 0.09/turn               e - ring of willpower

@: about to teleport, weak-willed
A: antennae 1, spiny 1
a: Renounce Religion


You were on level 4 of the Dungeon.
You worshipped Dithmenos.
Dithmenos was noncommittal.
You visited 1 branch of the dungeon, and saw 4 of its levels.

You collected 189 gold pieces.

Inventory:

Hand Weapons
 a - a +2 hand crossbow
 b - a +0 short sword (weapon)
Missiles
 d - 32 bolts
Armour
 c - a +0 leather armour (worn)
Jewellery
 e - a ring of willpower (right hand)
 m - a +4 ring of evasion (left hand)
 o - an amulet of faith
Scrolls
 g - 2 scrolls of amnesia
 j - 2 scrolls of silence
 k - a scroll of vulnerability
 t - a scroll of brand weapon {unknown}
Potions
 h - 2 potions of attraction {unknown}
 i - a potion of curing
 n - 2 potions of haste {unknown}
 p - a potion of mutation {unknown}


   Skills:
 + Level 3.1 Fighting
 + Level 1.9 Short Blades
 + Level 4.2 Crossbows
 - Level 2.6 Dodging
 - Level 0.8 Stealth
 + Level 0.5 Spellcasting
 + Level 0.7 Translocations


You had 5 spell levels left.
You didn't know any spells.
Your spell library contained the following spells:

 Spells                   Type           Power      Damage    Failure   Level
 Apportation              Tloc           4%         N/A       30%         1
 Sting                    Tmut/Pois      0%         1d3       38%         1
 Poisonous Vapours        Pois/Air       0%         N/A       52%         2
 Tukima's Dance           Hex            0%         N/A       77%         3
 Passage of Golubria      Tloc           N/A        N/A       96%         4
 Olgreb's Toxic Radiance  Pois           0%         N/A       99%         4
 Summon Ice Beast         Ice/Summ       0%         N/A       99%         4
 Alistair's Intoxication  Tmut/Pois      0%         N/A       100%        5
 Summon Mana Viper        Hex/Summ       0%         N/A       100%        5
 Yara's Violent Unravell  Hex/Tmut       0%         3d3       100%        5
 Invisibility             Hex            0%         N/A       100%        6
 Monstrous Menagerie      Summ           0%         N/A       100%        7


Dungeon Overview and Level Annotations

Branches:
Dungeon (4/15)
 Temple: D:4-7

Altars:
Dithmenos
Hepliaklqana

Shops:
D:3 *


Innate Abilities, Weirdness & Mutations

You have a pair of small antennae on your head.
You are partially covered in sharp spines.


Message History

No target in view!
No target in view!
No target in view!
No target in view!
No target in view!
No target in view!
t - a scroll labelled OTAUKE AVAT
Found a club.
You sense a monster nearby.
An iguana comes into view.
The iguana hisses angrily.
An iguana is nearby!
You hit the iguana but do no damage. The iguana bites you.
The iguana misses you.
As you read the scroll labelled FIEBBE MENUN, it crumbles to dust.
It is a scroll of identify.
g - 2 scrolls of amnesia
As you read the scroll of identify, it crumbles to dust.
j - 2 scrolls of silence The iguana bites you.
As you read the scroll labelled CUDDEI ZOASCH, it crumbles to dust.
Magic quickly surges around you.
It was a scroll of vulnerability.
The iguana barely misses you.
As you read the scroll labelled MUMANE WAUSTRO, it crumbles to dust.
You speak a Word of immense power!
You are blasted by holy energy!
It was a scroll of holy word.
The iguana barely misses you.
As you read the scroll labelled EJUNAEVACOGG, it crumbles to dust.
It is a scroll of enchant weapon.
Your +1 hand crossbow glows red for a moment.
The iguana misses you.
As you read the scroll labelled FOINIA MONA, it crumbles to dust.
You hear a loud clanging noise!
It was a scroll of noise.
You hear a shout!
The iguana bites you!
* * * LOW HITPOINT WARNING * * *
As you read the scroll labelled XONAXTUYPHO, it crumbles to dust.
You feel strangely unstable.
It was a scroll of teleportation.
The iguana is struck by your spines. The iguana bites you!
You die...

#####.# #.# #.#
#.# #)#
#.#####.###
#####.###.#
#.........#
...#...##.#######
#.#
##...#..........#
#.#
#.....##.#####.#
###.# ####.###.#
#.# #...#
#...##.###
#.#######.###
#.###.....#
#.@l...##.# #.#
##.#..#
######.##.# ...
#.#..# #####.##.#
## #.#..#
#........#
#.##..#
#.###.#### ...
>.# #.# ..... ..#
#.# #...... #..
#.# ###...# #.#


You could see an iguana (weak-willed).

Vanquished Creatures
  Jessica (D:2)
  A howler monkey skeleton (D:4)
  4 adders
  A worm (D:3)
  A dart slug (D:1)
  5 orcs
  5 ball pythons
  6 bats
  3 endoplasms
  3 giant cockroaches
  5 goblins
  9 hobgoblins
  12 kobolds
  2 quokkas
  4 frilled lizards
  9 rats
71 creatures vanquished.

Notes
Turn   | Place    | Note
-------+----------+-------------------------------------------
     0 | D:1      | sizableburger the Demonspawn Hunter began the quest for the
                  | Orb.
     0 | D:1      | Reached XP level 1. HP: 16/16 MP: 1/1
   500 | D:2      | Gained mutation: You have a pair of small antennae on your
                  | head. [demonic ancestry]
   500 | D:2      | Reached XP level 2. HP: 19/22 MP: 2/2
  1741 | D:1      | Reached skill level 1 in Short Blades
  1747 | D:1      | Reached XP level 3. HP: 27/28 MP: 3/3
  2356 | D:2      | Noticed Jessica
  2365 | D:2      | Killed Jessica
  2366 | D:2      | Reached skill level 4 in Crossbows
  2366 | D:2      | Reached XP level 4. HP: 16/34 MP: 4/4
  3422 | D:3      | Found Vustimpo's Assorted Antiques.
  3531 | D:3      | Found a faded altar of an unknown god.
  3795 | D:3      | Found a hazy altar of Hepliaklqana.
  3796 | D:3      | Found a shadowy altar of Dithmenos.
  3797 | D:3      | Noticed a shadow
  3803 | D:3      | Became a worshipper of Dithmenos the Shadowed
  4018 | D:4      | Gained mutation: You are partially covered in sharp spines.
                  | [demonic ancestry]
  4018 | D:4      | Reached XP level 5. HP: 40/41 MP: 5/5
  4168 | D:4      | Slain by an iguana

Illustrated notes

Levels and vault maps discovered:
D:1:      lightli_arrival_flooded_house, layout_basic, minmay_tall_x
D:2:      layout_loops_ring, grunt_decor_cap, minmay_misc_feat_more_columns,
          minmay_fractal_squares_gapless_5, uniq_jessica
D:3:      layout_rooms, riverfiend_overflow_shadow_ancestor, serial_shops, shop,
          chequers_ecumenical_altar_simple_redux
D:4:      layout_loops_ring, lemuel_temple_firewalk_b,
          ebering_ghost_reflecting_pool

Skill      XL: |  1  2  3  4 |
---------------+-------------+-----
Dodging        | 2 |  2.6
Short Blades   | 1 |  1.9
Crossbows      | 4 |  4.2
Fighting       | 3 |  3.1
Stealth        | |  0.8
Spellcasting   | |  0.5
Translocations | |  0.7

Action                   |  1- 3 |  4- 6 || total
-------------------------+-------+-------++-------
Melee: Short sword       |   135 |   107 ||   242
 Fire: Hand crossbow     |     7 |    11 ||    18
  Use: Scroll            |       |     7 ||     7
 Stab: Sleeping          |     1 |     2 ||     3
Armor: Leather armour    |    53 |    17 ||    70
Dodge: Dodged            |    98 |    66 ||   164

Table legend: (Time is in decaauts)
 A = Elapsed time spent in this place.
 B = Non-inter-level travel time spent in this place.
 C = Inter-level travel time spent in this place.
 D = Time resting spent in this place.
 E = Time spent auto-exploring this place.
 F = Levels seen in this place.
 G = Mean time per level.
                   A        B        C        D        E       F      G
               +--------+--------+--------+--------+--------+-----+--------+
         Total |   4174 |   4100 |     74 |   1417 |   1938 |   4 | 1043.5 |
       Dungeon |   4174 |   4100 |     74 |   1417 |   1938 |   4 | 1043.5 |
               +--------+--------+--------+--------+--------+-----+--------+

Top non-repeatable levels by time:
     D:1: 1984 daAuts
     D:2: 1411 daAuts
     D:3: 577 daAuts
     D:4: 200 daAuts
